 Dungeon Crawl Stone Soup version 0.24-a0-504-gcfb02b9 (webtiles) character file.

Game seed: 8836401527283562617

268 sighowe the Chopper (level 6, -4/51 HPs)
             Began as a Draconian Gladiator on July 17, 2019.
             Was a Believer of Fedhas.
             Slain by a hound (5 damage)
             ... on level 4 of the Dungeon.
             The game lasted 00:05:48 (3079 turns).

sighowe the Chopper (Draconian Gladiator)           Turns: 3079, Time: 00:05:49

Health: -4/51      AC:  7    Str: 19    XL:     6   Next: 1%
Magic:  6/6        EV: 13    Int:  8    God:    Fedhas [**....]
Gold:   79         SH:  2    Dex: 12    Spells: 5/5 levels left

rFire    . . .     SeeInvis .   a - +0 war axe
rCold    . . .     Gourm    .   (no shield)
rNeg     . . .     Faith    .   (armour unavailable)
rPois    .         Spirit   .   b - +1 hat
rElec    .         Reflect  +   (no cloak)
rCorr    .         Harm     .   (no gloves)
MR       .....                  (no boots)
Stlth    +.........             i - +2 amulet of reflection
HPRegen  0.17/turn              (no ring)
MPRegen  0.10/turn              (no ring)

@: no status effects
A: unfitting armour, cold-blooded, AC +6
a: Fungal Bloom, Sunlight, Evolution, Renounce Religion


You were on level 4 of the Dungeon.
You worshipped Fedhas.
Fedhas was pleased with you.
You were not hungry.

You visited 1 branch of the dungeon, and saw 4 of its levels.

You collected 79 gold pieces.

Inventory:

Hand Weapons
 a - a +0 war axe (weapon)
 h - a +3 quarterstaff of chaos
Missiles
 c - 5 throwing nets
 f - 11 boomerangs (quivered)
Armour
 b - a +1 hat (worn)
Jewellery
 i - a +2 amulet of reflection (around neck)
Scrolls
 g - a scroll of magic mapping
 k - 2 scrolls of fear
 m - a scroll of remove curse
Potions
 e - 2 potions of lignification
 j - a potion of heal wounds {unknown}
Comestibles
 d - 7 rations


   Skills:
 + Level 3.1 Fighting
 + Level 5.5 Axes
 + Level 2.0 Throwing
 + Level 3.6 Dodging
 + Level 0.7 Stealth


You had 5 spell levels left.
You didn't know any spells.
Your spell library was empty.

Dungeon Overview and Level Annotations

Branches:
Dungeon (4/15)
 Temple: D:4-7

Altars:
Fedhas
Okawaru


Innate Abilities, Weirdness & Mutations

Your plain brown scales are hard. (AC +6)
You cannot fit into any form of body armour.
You are cold-blooded and may be slowed by cold attacks.


Message History

You hit the orc but do no damage. You hit the hound.
You block the orc wizard's attack. The hound barely misses you.
The orc wizard closely misses you. The orc completely misses you.
The hound bites you.
You hit the orc wizard.
The orc wizard is heavily wounded.
You hit the orc but do no damage. You slash the hound!
The orc wizard gestures at you while chanting.
The puff of frost hits you. The hound bites you.
* * * LOW HITPOINT WARNING * * *
The orc hits you but does no damage.
The orc priest mumbles some strange prayers to Beogh against you.
Beogh smites you!
* * * LOW HITPOINT WARNING * * *
The orc wizard hits you with a cursed -3 dagger.
* * * LOW HITPOINT WARNING * * *
An orc comes into view. It is wielding a +0 flail.
The hound bites you.
You die...
Fedhas appreciates your contribution to the ecosystem.

##(...o.$
####.......#.
.#..o..)..%.
...........
#.......>..
#..%......#
#.5oo......
#.)@h......
#.........#
#..<......#
#.........#
............#
.............##
............##
...........##
...........#


You could see a hound, an orc priest, an orc wizard, a shadow imp and 2 orcs.

Vanquished Creatures
  Crazy Yiuf (D:3)
  Natasha (thrice) (D:2)
  5 adders
  4 gnolls (D:2)
  2 worms
  4 leopard geckos
  7 orcs
  6 bats
  3 giant cockroaches
  7 goblins
  6 hobgoblins
  7 jackals
  4 kobolds
  A quokka (D:3)
  2 ball pythons (D:3)
  2 frilled lizards
  6 rats
70 creatures vanquished.

Vanquished Creatures (others)
  2 toadstools (D:2)
2 creatures vanquished.

Grand Total: 72 creatures vanquished

Notes
Turn   | Place    | Note
-------+----------+-------------------------------------------
     0 | D:1      | sighowe the Draconian Gladiator began the quest for the
                  | Orb.
     0 | D:1      | Reached XP level 1. HP: 17/17 MP: 1/1
   149 | D:1      | Reached XP level 2. HP: 17/25 MP: 2/2
   550 | D:2      | Found a faded altar of an unknown god.
   555 | D:2      | Became a worshipper of Fedhas Madash
   555 | D:2      | Reached * piety under Fedhas
   576 | D:2      | Found an iron altar of Okawaru.
   665 | D:2      | Reached XP level 3. HP: 13/30 MP: 3/3
   855 | D:2      | Noticed Natasha
   863 | D:2      | Killed Natasha
   863 | D:2      | Reached skill level 4 in Axes
  1048 | D:2      | Noticed Natasha
  1052 | D:2      | Killed Natasha
  1052 | D:2      | Reached XP level 4. HP: 15/37 MP: 4/4
  1061 | D:2      | Noticed Natasha
  1075 | D:2      | Killed Natasha
  1297 | D:2      | Reached XP level 5. HP: 13/44 MP: 5/5
  1909 | D:3      | Reached skill level 5 in Axes
  1955 | D:3      | Found a runed translucent door.
  1956 | D:3      | Noticed Crazy Yiuf
  1968 | D:3      | Killed Crazy Yiuf
  2048 | D:3      | Reached ** piety under Fedhas
  2477 | D:3      | Found a blossoming altar of Fedhas.
  3074 | D:4      | Reached XP level 6. HP: 19/51 MP: 6/6
  3079 | D:4      | HP: 2/51 [orc priest/divine providence (13)]
  3079 | D:4      | Slain by a hound

Levels and vault maps discovered:
D:1:      nicolae_arrival_washed_ashore, layout_loops_ring
D:2:      layout_basic, chequers_ecumenical_altar_simple, okawaru_gym_becter,
          uniq_natasha
D:3:      layout_basic, lemuel_doored_altar, uniq_crazy_yiuf_cottage
D:4:      layout_rooms, first_ration

Skill      XL: |  1  2  3  4  5 |
---------------+----------------+-----
Dodging        | 3 |  3.6
Throwing       | 2 |  2.0
Axes           | 4 5 |  5.5
Fighting       | 3 |  3.1
Stealth        | |  0.7

Action                   |  1- 3 |  4- 6 || total
-------------------------+-------+-------++-------
Melee: War axe           |    54 |   115 ||   169
       Tailslap          |     6 |    15 ||    21
Throw: Boomerang         |       |     3 ||     3
       Throwing net      |       |     1 ||     1
Invok: Fungal Bloom      |     1 |       ||     1
  Use: Scroll            |     4 |     5 ||     9
       Potion            |     3 |     2 ||     5
 Stab: Sleeping          |       |     2 ||     2
  Eat: Chunk             |       |     7 ||     7
Armor: Skin              |    23 |    32 ||    55
Dodge: Dodged            |    34 |   101 ||   135
Block: Other             |       |    11 ||    11
       Reflection        |       |     1 ||     1

Table legend:
 A = Non-vault XP
 B = Vault XP
 C = Vault XP percentage of total XP
 D = Non-vault monster count
 E = Vault monster count
 F = Vault count percentage of total count
                 A         B        C        D         E       F
            +---------+---------+-------+---------+---------+-------
      Total |     312 |      72 |  18.8 |      68 |       2 |   2.9
            +---------+---------+-------+---------+---------+-------
        D:1 |      18 |       0 |   0.0 |      11 |       0 |   0.0
        D:2 |     180 |      35 |  16.3 |      27 |       1 |   3.6
        D:3 |      84 |      37 |  30.6 |      23 |       1 |   4.2
        D:4 |      30 |       0 |   0.0 |       7 |       0 |   0.0
            +---------+---------+-------+---------+---------+-------
